 Dungeon Crawl Stone Soup version 0.18.1-8-gdd0e5ea (webtiles) character file.

81597 poi2000 the Severer (level 15, -8/134 HPs)
             Began as a Minotaur Berserker on June 2, 2016.
             Was the Champion of Trog.
             Killed from afar by a greater naga (35 damage)
             ... with a bolt of poison
             ... on level 1 of the Snake Pit on June 8, 2016.
             The game lasted 02:21:17 (23978 turns).

poi2000 the Severer (Minotaur Berserker)           Turns: 23978, Time: 02:21:17

Health: -8/134     AC: 28    Str: 29    XL:     15   Next: 27%
Magic:  14/14      EV:  8    Int:  6    God:    Trog [******]
Gold:   674        SH:  0    Dex: 14    Spells: 0 memorised, 14 levels left

rFire  + + .     SeeInvis .     G - +8 long sword of Forgiveness {flame, rF++ rC+++ Int+2}
rCold  + + +     Gourm    .     j - +1 plate armour
rNeg   . . .     Faith    .     (no shield)
rPois  .         Spirit   .     (helmet restricted)
rElec  .         Dismiss  .     (no cloak)
rCorr  .         Reflect  .     l - +3 pair of gauntlets of War {Slay+5}
SustAt .         Harm     .     H - +2 pair of boots of the Assassin {DetectMon Stab+ Stlth++}
MR     +....                    (no amulet)
Stlth  ..........               p - +4 ring of protection
                                D - +5 ring of strength

@: lethally poisoned (-8 -> -23), exhausted, about to teleport, slowed,
constricted, very slow, somewhat resistant to hostile enchantments, extremely
unstealthy
A: retaliatory headbutt, horns 2
a: Berserk, Trog's Hand, Brothers in Arms, Burn Spellbooks, Renounce Religion


You were on level 1 of the Snake Pit.
You worshipped Trog.
Trog was exalted by your worship.
You were hungry.

You visited 3 branches of the dungeon, and saw 20 of its levels.
You also visited: Bailey.

You collected 1083 gold pieces.
You spent 409 gold pieces at shops.

Inventory:

Hand Weapons
 a - the +6 battleaxe "Tazapsuu" {speed, rElec MR+ Str-5}
   (Trog gifted it to you on level 8 of the Lair of Beasts)

   Attacks with this weapon are significantly faster.
   It affects your strength (-5).
   It insulates you from electricity.
   It affects your resistance to hostile enchantments.
 s - the +4 battleaxe of Righteous Anger {elec, Str+2 Stlth+}
   (Trog gifted it to you on level 5 of the Lair of Beasts)

   Occasionally, upon striking a foe, it will discharge some electrical energy
   and cause terrible harm.
   It affects your strength (+2).
   It makes you more stealthy.
 z - the +8 hand axe "Spiderslayer" {chop, Str+4}
   (You found it on level 6 of the Dungeon)

   It inflicts extra damage upon your enemies.
   It affects your strength (+4).
 G - the +8 long sword of Forgiveness (weapon) {flame, rF++ rC+++ Int+2}
   (You found it on level 9 of the Dungeon)

   It has been specially enchanted to burn those struck by it, causing extra
   injury to most foes and up to half again as much damage against particularly
   susceptible opponents.
   Big, fiery blades are also staple armaments of hydra-hunters.
   It affects your intelligence (+2).
   It greatly protects you from fire.
   It renders you almost immune to cold.
Missiles
 W - 7 javelins of penetration (quivered)
Armour
 j - a +1 plate armour (worn)
 l - the +3 pair of gauntlets of War (worn) {Slay+5}
   (You found it on level 8 of the Lair of Beasts)

   It affects your accuracy and damage with ranged weapons and melee attacks
   (+5).
 x - a +2 scale mail of fire resistance
 y - the +0 chain mail "Gataq" {MR- Regen+ rCorr Str+9}
   (You bought it in a shop on level 4 of the Dungeon)

   It affects your strength (+9).
   It affects your resistance to hostile enchantments.
   It increases your rate of regeneration.
   It protects you from acid and corrosion.
 H - the +2 pair of boots of the Assassin (worn) {DetectMon Stab+ Stlth++}
   (You acquired it on level 10 of the Dungeon)

   It makes you much more stealthy.
Jewellery
 d - a +2 amulet of reflection
 p - a +4 ring of protection (right hand)
 D - a +5 ring of strength (left hand)
 L - an uncursed ring of poison resistance
 M - an uncursed ring of protection from magic
 P - an uncursed ring of stealth
 V - an uncursed ring of see invisible
 X - a +4 ring of intelligence
Wands
 e - a wand of flame (21/48)
 g - a wand of disintegration (9/24)
 i - a wand of confusion (25/48)
 k - a wand of slowing (37/48)
 v - a wand of paralysis (12/24)
 F - a wand of digging (13/24)
 J - a wand of iceblast (9/15)
 O - a wand of slowing (20/48)
 S - a wand of enslavement (14/24)
Scrolls
 b - 3 scrolls of magic mapping
 o - 10 scrolls of teleportation
 w - 6 scrolls of recharging
 E - 2 scrolls of fear
 U - 3 scrolls of fog
 Y - 2 scrolls of remove curse
 Z - 2 scrolls of acquirement
Potions
 f - 2 potions of berserk rage {unknown}
 m - 2 potions of flight {unknown}
 n - 2 potions of agility
 q - a potion of invisibility {unknown}
 u - 6 potions of curing
 A - a potion of magic {unknown}
 B - a potion of might {unknown}
 I - 3 potions of lignification
 N - 4 potions of heal wounds
 R - 2 potions of resistance {unknown}
 T - 3 potions of haste
Miscellaneous
 C - a plain deck of wonders {the Mercenary}
 K - a fan of gales
Comestibles
 c - 8 bread rations
 h - 5 beef jerkies
 r - 8 meat rations
 t - 4 slices of pizza


   Skills:
 + Level 12.7 Fighting
   Level 3.7(11.2) Short Blades
 - Level 17.0(17.2) Long Blades
 + Level 18.7(18.8) Axes
   Level 1.9(12.8) Maces & Flails
 - Level 12.1 Armour
 - Level 6.2 Dodging
 - Level 1.2 Stealth
   Level 1.3 Shields


You had 14 spell levels left.
You didn't know any spells.

Dungeon Overview and Level Annotations

Branches:
Dungeon (11/15)            Temple (0/1) D:6            Lair (8/8) D:8
 Shoals (0/4) Lair:5        Snake (1/4) Lair:5        Slime (0/6) Lair:8
    Orc: D:9-12

Altars:
Fedhas
Makhleb
Okawaru
Qazlal
Yredelemnul

Shops:
D:4 [}(   D:8 }

Annotations:
Lair:5 exclusion: ice statue
Lair:8 exclusion: oklob plant


Innate Abilities, Weirdness & Mutations

You reflexively headbutt those who attack you in melee.
You have a pair of horns on your head.


Message History

You feel better.
The naga mage hits you but does no damage.
The greater naga closely misses you. You furiously retaliate!
You headbutt the greater naga.
* * * LOW HITPOINT WARNING * * *
The greater naga constricts you. The greater naga spits poison at you.
The splash of poison hits you!
You are poisoned.
The greater naga constricts you.
Drink which item? (? for menu, Esc to quit)
You feel better.
The naga mage is no longer moving quickly.
The greater naga hits you with a flail of protection.
* * * LOW HITPOINT WARNING * * *
x2 The greater naga constricts you.
The greater naga casts a spell at you. The bolt of poison hits you!
You are poisoned.
You die...

....## ..# [...##
#..# ## .....## #..#
.# ......## #..###.#
.......#. #.....#
....S....# ##...#
........##
#######....##
...S....##
##...........##
....N....#
#NNN@...####..#######
...S.....####N#######
##.......#
..........##(##
#######....##.#
..........#N##
##........#####.
.........NN##
##........## #.
.........NN##
##.#######.# ##
............####..#
#.# #
............#....##
#.# #
............######
#.# ##


You could see a greater naga, a naga sharpshooter, a naga ritualist and a naga
mage.

Vanquished Creatures
  Gastronok (Lair:2)
  Snorg (Lair:5)
  An ice dragon (Lair:5)
  Fannar (D:10)
  A naga warrior (Snake:1)
  12 hydras
  2 catoblepae (Lair:8)
  4 death yaks
  The ghost of MetaCosm the Devastator, a journeyman DECj of Vehumet (Lair:3)
  The ghost of Apostate the Cruncher, a novice DsGl of Okawaru (D:9)
  2 naga sharpshooters (Snake:1)
  A naga ritualist (Snake:1)
  A wizard (D:9)
  3 griffons
  5 mana vipers (Snake:1)
  A deep elf mage (D:10)
  A salamander (Snake:1)
  2 manticores (Lair:8)
  28 elephants
  Psyche (D:8)
  18 black mambas
  A guardian serpent (Snake:1)
  19 spiny frogs
  A naga mage (Snake:1)
  12 komodo dragons
  A centaur skeleton (D:10)
  7 rime drakes
  A troll (D:8)
  4 polar bears (Lair:5)
  A two-headed ogre (D:8)
  12 blink frogs
  A snapping turtle (Lair:5)
  A boulder beetle (Lair:5)
  69 yaks
  4 basilisks
  4 wyverns
  Grum (D:9)
  13 hippogriffs
  2 nagas (Snake:1)
  22 water moccasins
  8 porcupines
  5 ice beasts
  3 sky beasts (D:8)
  A necrophage (D:9)
  2 orc warriors
  A black bear (Lair:3)
  16 wolves
  3 ogres
  6 centaurs
  31 crocodiles
  13 giant frogs
  5 big kobolds (D:8)
  3 scorpions
  A water moccasin skeleton (D:7)
  8 killer bees (D:10)
  The ghost of Pathadomus the Skirmisher, a weakling DsAK of Lugonu (D:3)
  3 jellies
  9 electric eels
  A howler monkey (D:6)
  A giant frog zombie (D:6)
  4 crimson imps
  2 centaur zombies
  A quasit (D:10)
  5 hounds (D:8)
  10 orc wizards
  6 orc priests
  A giant frog skeleton (D:8)
  10 iguanas
  8 worker ants
  36 sheep
  A hound zombie (D:5)
  2 hound skeletons
  A worker ant zombie (D:7)
  7 adders
  4 gnolls (D:4)
  A hound simulacrum (D:10)
  69 river rats
  A shadow imp (D:8)
  3 white imps (Lair:5)
  2 oozes
  3 adder zombies
  An adder skeleton (D:5)
  A worm (D:2)
  A dart slug (D:2)
  6 giant geckos
  35 orcs
  8 bats
  A giant cockroach (D:1)
  9 goblins
  5 hobgoblins
  12 jackals
  14 kobolds
  A quokka (D:2)
  A giant cockroach zombie (D:5)
  3 giant newts
  A jackal zombie (D:5)
  2 quokka zombies
  5 rats
  A bush (Lair:2)
  6 fungi
  4 plants
679 creatures vanquished.

Vanquished Creatures (others)
  34 fungi
  16 plants
50 creatures vanquished.

Grand Total: 729 creatures vanquished

Notes
Turn   | Place    | Note
--------------------------------------------------------------
     0 | D:1      | poi2000 the Minotaur Berserker began the quest for the Orb.
     0 | D:1      | Reached XP level 1. HP: 19/19 MP: 0/0
   265 | D:1      | Reached XP level 2. HP: 27/27 MP: 1/1
  1165 | D:2      | Reached ** piety under Trog
  1165 | D:2      | Reached XP level 3. HP: 20/33 MP: 2/2
  2000 | D:3      | Noticed Pathadomus's ghost (weakling DsAK)
  2011 | D:3      | Killed Pathadomus's ghost
  2011 | D:3      | Reached skill level 1 in Maces & Flails
  2011 | D:3      | Reached XP level 4. HP: 29/41 MP: 3/3
  2101 | D:3      | Found an iron altar of Okawaru.
  2132 | D:3      | Noticed an orc warrior
  2141 | D:3      | Killed an orc warrior
  2141 | D:3      | Reached skill level 5 in Fighting
  2141 | D:3      | Reached XP level 5. HP: 48/48 MP: 4/4
  2149 | D:3      | Reached XP level 6. HP: 24/56 MP: 5/5
  2394 | D:4      | Found Emocw's Gadget Emporium.
  2508 | D:4      | Found Lirhodick's Antique Armour Shoppe.
  2814 | D:4      | Found a blossoming altar of Fedhas.
  2871 | D:4      | Found Xoshra's Antique Weapon Shop.
  3015 | D:5      | Entered Level 5 of the Dungeon
  3051 | D:5      | Reached skill level 1 in Short Blades
  3051 | D:5      | Reached skill level 5 in Armour
  3051 | D:5      | Reached skill level 5 in Dodging
  3051 | D:5      | Reached XP level 7. HP: 61/61 MP: 6/6
  3143 | D:5      | Reached *** piety under Trog
  3895 | D:4      | Bought an ichor-stained chain mail for 199 gold pieces
  3905 | D:4      | Identified the cursed +0 chain mail "Gataq" {MR- Regen+ rCorr Str+9} (You bought it in a shop on level 4 of the Dungeon)
  4004 | D:6      | Reached skill level 1 in Shields
  4006 | D:6      | Found a staircase to the Ecumenical Temple.
  4252 | D:6      | Reached skill level 1 in Stealth
  4257 | D:6      | Reached XP level 8. HP: 69/69 MP: 7/7
  4390 | D:6      | Found a stormy altar of Qazlal.
  4641 | D:6      | Found a basalt altar of Yredelemnul.
  4721 | D:6      | Found a burning altar of Makhleb.
  4775 | D:6      | Got a smoking hand axe
  4965 | D:6      | Identified the +8 hand axe "Spiderslayer" {chop, Str+4} (You found it on level 6 of the Dungeon)
  4968 | D:7      | Reached skill level 2 in Axes
  5014 | D:8      | Noticed Psyche
  5026 | D:8      | Killed Psyche
  5026 | D:8      | Reached skill level 5 in Axes
  5056 | D:8      | Reached skill level 6 in Axes
  5122 | D:8      | Reached skill level 7 in Axes
  5122 | D:8      | Reached XP level 9. HP: 75/75 MP: 8/8
  5352 | D:8      | Reached skill level 8 in Axes
  5432 | D:8      | Found a flagged portal.
  5447 | Bailey   | Entered a bailey
  5540 | D:8      | Reached **** piety under Trog
  5757 | D:9      | Got a jewelled long sword
  5758 | D:9      | Identified the +8 long sword of Forgiveness {flame, rF++ rC+++ Int+2} (You found it on level 9 of the Dungeon)
  5780 | D:9      | Noticed Grum
  5789 | D:9      | Killed Grum
  5789 | D:9      | Reached skill level 5 in Long Blades
  5789 | D:9      | Reached skill level 9 in Axes
  6099 | D:9      | Reached skill level 10 in Axes
  6180 | D:9      | Noticed Apostate's ghost (novice DsGl)
  6196 | D:9      | Killed Apostate's ghost
  6196 | D:9      | Reached XP level 10. HP: 83/83 MP: 9/9
  6272 | D:10     | Entered Level 10 of the Dungeon
  6352 | D:9      | Noticed a wizard
  6369 | D:9      | Killed a wizard
  6369 | D:9      | Reached skill level 11 in Axes
  7602 | D:7      | Received a gift from Trog
  8136 | D:8      | Reached skill level 12 in Axes
  8139 | D:8      | Found a staircase to the Lair.
  8158 | Lair:1   | Entered Level 1 of the Lair of Beasts
  8160 | Lair:1   | Noticed a seven-headed hydra
  8170 | Lair:1   | Killed a five-headed hydra
  8170 | Lair:1   | Reached skill level 10 in Long Blades
  8188 | Lair:1   | Reached ***** piety under Trog
  8409 | Lair:1   | Reached XP level 11. HP: 89/89 MP: 10/10
  8494 | Lair:1   | Received a gift from Trog
  8655 | Lair:1   | Reached skill level 13 in Axes
  9343 | Lair:2   | Received a gift from Trog
  9644 | Lair:2   | Noticed an eight-headed hydra
  9651 | Lair:2   | Killed a four-headed hydra
  9754 | Lair:2   | Noticed Gastronok
  9766 | Lair:2   | Killed Gastronok
  9766 | Lair:2   | Reached skill level 14 in Axes
 10863 | Lair:3   | Reached XP level 12. HP: 62/95 MP: 11/11
 10929 | Lair:3   | Noticed a six-headed hydra
 10941 | Lair:3   | Killed a three-headed hydra
 10985 | Lair:3   | Noticed MetaCosm's ghost (journeyman DECj)
 11004 | Lair:3   | Killed MetaCosm's ghost
 11004 | Lair:3   | Reached skill level 15 in Axes
 11479 | Lair:4   | Reached ****** piety under Trog
 11497 | Lair:4   | Received a gift from Trog
 12116 | Lair:4   | Noticed an eight-headed hydra
 12124 | Lair:4   | Killed a six-headed hydra
 12124 | Lair:4   | Reached skill level 16 in Axes
 12143 | Lair:4   | Reached skill level 15 in Long Blades
 12284 | Lair:5   | Noticed an ice dragon
 12301 | Lair:5   | Killed an ice dragon
 12758 | D:8      | Reached XP level 13. HP: 91/102 MP: 12/12
 13292 | D:8      | Found Deenub's Gadget Emporium.
 13295 | D:8      | Bought a plain deck of wonders for 210 gold pieces
 14016 | D:10     | Identified 3 scrolls of acquirement
 14161 | D:10     | Noticed Fannar
 14169 | D:10     | Killed Fannar
 14615 | D:10     | Received a gift from Trog
 16148 | Lair:6   | Reached skill level 10 in Armour
 16304 | Lair:6   | Received a gift from Trog
 17132 | Lair:8   | Entered Level 8 of the Lair of Beasts
 17893 | Lair:8   | Reached XP level 14. HP: 114/114 MP: 13/13
 18308 | Lair:8   | Received a gift from Trog
 18330 | Lair:8   | Got a translucent battleaxe {god gift}
 18336 | Lair:8   | Identified the +6 battleaxe "Tazapsuu" {speed, rElec MR+ Str-5} (Trog gifted it to you on level 8 of the Lair of Beasts)
 18358 | Lair:8   | Found a staircase to the Slime Pits.
 19099 | Lair:8   | Reached skill level 17 in Axes
 19970 | Lair:8   | Reached skill level 10 in Fighting
 21377 | Lair:6   | Received a gift from Trog
 21440 | Lair:6   | Reached skill level 18 in Axes
 22492 | Lair:5   | Noticed Snorg
 22505 | Lair:5   | Killed Snorg
 22505 | Lair:5   | Received a gift from Trog
 22508 | Lair:5   | Got an ebony battleaxe {god gift}
 22509 | Lair:5   | Identified the +4 battleaxe of Righteous Anger {elec, Str+2 Stlth+} (Trog gifted it to you on level 5 of the Lair of Beasts)
 22610 | Lair:5   | Found a staircase to the Shoals.
 22620 | Lair:5   | Reached XP level 15. HP: 132/132 MP: 14/14
 22648 | Lair:5   | Found a staircase to the Snake Pit.
 22708 | Snake:1  | Entered Level 1 of the Snake Pit
 23223 | Snake:1  | Noticed a greater naga
 23978 | Snake:1  | Killed from afar by a greater naga

Skill      XL: |  1  2  3  4  5  6  7  8  9 10 11 12 13 14 15 |
---------------+----------------------------------------------+-----
Fighting       | 4 5 6 7 11 12 | 12.7
Long Blades    | 4 8 10 13 15 16 17 | 17.0
Maces & Flails | 1 |  1.9
Armour         | 3 5 6 7 11 12 | 12.1
Dodging        | 3 4 5 6 |  6.2
Short Blades   | 1 3 |  3.7
Shields        | 1 |  1.3
Stealth        | 1 |  1.2
Axes           | 7 10 12 14 16 18 | 18.7

Action                   |  1- 3 |  4- 6 |  7- 9 | 10-12 | 13-15 || total
-------------------------+-------+-------+-------+-------+-------++-------
Melee: Whip              |    73 |    21 |       |       |       ||    94
       Headbutt          |    16 |    18 |    42 |   142 |   266 ||   484
       Falchion          |     3 |       |       |       |       ||     3
       Short sword       |       |    61 |    93 |       |       ||   154
       Hand axe          |       |       |    75 |       |       ||    75
       Long sword        |       |       |    39 |   512 |   905 ||  1456
Throw: Javelin           |       |       |       |       |    21 ||    21
Invok: Berserk           |     1 |     3 |     8 |    10 |    10 ||    32
       Burn Spellbooks   |       |       |       |     2 |     1 ||     3
       Trog's Hand       |       |       |       |       |     1 ||     1
Evoke: Wand              |       |       |     7 |     5 |     1 ||    13
  Use: Scroll            |     5 |     4 |     5 |    12 |    17 ||    43
       Potion            |       |       |     1 |       |     2 ||     3
 Stab: Petrified         |       |       |       |       |     1 ||     1
  Eat: Chunk             |     4 |     6 |     7 |    19 |    29 ||    65
       Bread ration      |       |       |     2 |     2 |       ||     4
       Royal jelly       |       |       |     1 |       |       ||     1
       Fruit             |       |       |       |     5 |    13 ||    18
       Pizza             |       |       |       |       |     4 ||     4
Armor: Animal skin       |     8 |       |       |       |       ||     8
       Scale mail        |    21 |    31 |     7 |       |       ||    59
       Chain mail        |       |       |    81 |   154 |       ||   235
       Plate armour      |       |       |       |     8 |   571 ||   579
Dodge: Dodged            |    44 |    33 |   129 |   213 |   406 ||   825
Block: Buckler           |     4 |     9 |    26 |    59 |    52 ||   150
